 Dungeon Crawl Stone Soup version 0.22-a0-422-g9628fc8 (webtiles) character file.

91 iamserjio the Ducker (level 4, 0/22 HPs)
             Began as a Spriggan Transmuter on May 22, 2018.
             Slain by a gnoll
             ... wielding a +0 flail
              (10 damage)
             ... on level 2 of the Dungeon.
             The game lasted 00:06:22 (3352 turns).

iamserjio the Ducker (Spriggan Transmuter)          Turns: 3352, Time: 00:06:23

Health: 0/22       AC:  2    Str:  7    XL:     4   Next: 34%
Magic:  5/9        EV: 23    Int: 14    God:
Gold:   126        SH:  0    Dex: 21    Spells: 3/9 levels left

rFire    . . .     SeeInvis +     - Unarmed
rCold    . . .     Gourm    .   (shield currently unavailable)
rNeg     . . .     Faith    .   (armour currently unavailable)
rPois    x         Spirit   .   (helmet currently unavailable)
rElec    .         Reflect  .   (cloak currently unavailable)
rCorr    .         Harm     .   (gloves unavailable)
MR       .....                  (boots unavailable)
Stlth    ++........             (no amulet)
HPRegen  0.07/turn              (no ring)
MPRegen  0.11/turn              (no ring)

@: spider-form
A: tiny, unfitting armour, see invisible, herbivore, slow metabolism 2
a: End Transformation


You were on level 2 of the Dungeon.
You were near starving.
You were a venomous arachnid creature.
You visited 1 branch of the dungeon, and saw 2 of its levels.

You collected 126 gold pieces.

Inventory:

Armour
 b - a +0 robe (melded)
 m - a +0 buckler of fire resistance
Jewellery
 j - a cursed ring of loudness {unknown}
Scrolls
 e - 3 scrolls of remove curse {unknown}
 f - a scroll of teleportation {unknown}
 g - 2 scrolls of identify {unknown}
 i - a scroll of random uselessness {unknown}
 k - a scroll of immolation {unknown}
Potions
 a - 2 potions of agility {unknown}
 c - 2 potions of might {unknown}
 h - a potion of flight {unknown}
 l - a potion of curing {unknown}
 n - a potion of ambrosia {unknown}
 o - a potion of heal wounds {unknown}
Comestibles
 d - 4 rations


   Skills:
 - Level 1.0 Fighting
 + Level 4.2 Dodging
 * Level 2.9 Unarmed Combat
 - Level 3.0 Spellcasting
 * Level 4.1 Transmutations
 - Level 1.0 Poison Magic


You had 3 spell levels left.
You knew the following spells:

 Your Spells              Type           Power        Failure   Level  Hunger
a - Beastly Appendage     Tmut           ##....       13%         1    #......
b - Sticks to Snakes      Tmut           ##......     17%         2    ##.....
c - Spider Form           Tmut/Pois      #.........   43%         3    ###....

Your spell library contained the following spells:

 Spells                   Type           Power        Failure   Level  Hunger
 Blade Hands              Tmut           ##........   88%         5    ######.
 Ice Form                 Ice/Tmut       #.......     85%         4    #####..


Dungeon Overview and Level Annotations

Branches:
Dungeon (2/15)

Altars:
Okawaru


Innate Abilities, Weirdness & Mutations

You are very small and have problems with some larger weapons.
You are too small for most types of armour.
You have supernaturally acute eyesight. (SInv)
You are a herbivore.
((You cover ground extremely quickly.))
You need to consume almost no food.


Message History

Your transformation has ended.
Your +0 robe unmelds from your body.
You hit the gnoll but do no damage.
The gnoll is severely wounded.
The gnoll misses you.
You hit the gnoll.
You kill the gnoll!
A gnoll comes into view. It is wielding a flail.
The gnoll shouts!
You see here a club.
Casting: Spider Form (safe; 22% risk of failure)
Confirm with . or Enter, or press ? or * to list all spells.
You turn into a venomous arachnid creature.
Your +0 robe melds into your body.
The gnoll closely misses you.
You hit the gnoll but do no damage.
The gnoll is poisoned.
The gnoll hits you with a flail!
Ouch! That really hurt!
You are near starving!
You completely miss the gnoll. The gnoll hits you with a flail!
You die...

########## .........#
##########
.........######.........
.........'...>).s....#
......(..######g####.#
########## #.# #.# ###
####### ....... #######
.....#


You could see a gnoll.

Vanquished Creatures
  2 gnolls (D:2)
  2 adders (D:2)
  A worm (D:2)
  3 leopard geckos
  6 bats
  3 giant cockroaches
  5 goblins
  3 hobgoblins
  2 jackals (D:1)
  2 ball pythons (D:1)
  A frilled lizard (D:2)
  4 kobolds
  7 rats
41 creatures vanquished.

Vanquished Creatures (collateral kills)
  An adder (D:2)
  2 giant cockroaches
  2 goblins
  A hobgoblin (D:1)
  A ball python (D:1)
  A frilled lizard (D:2)
  2 kobolds (D:1)
  A rat (D:2)
11 creatures vanquished.

Grand Total: 52 creatures vanquished

Notes
Turn   | Place    | Note
-------+----------+-------------------------------------------
     0 | D:1      | iamserjio the Spriggan Transmuter began the quest for the Orb.
     0 | D:1      | Reached XP level 1. HP: 9/9 MP: 5/5
   237 | D:1      | Reached skill level 1 in Fighting
   474 | D:1      | Reached XP level 2. HP: 14/14 MP: 4/6
   483 | D:1      | Learned a level 2 spell: Sticks to Snakes
  1347 | D:1      | Reached XP level 3. HP: 14/18 MP: 1/8
  1726 | D:2      | Learned a level 3 spell: Spider Form
  1732 | D:2      | Found an iron altar of Okawaru.
  2885 | D:2      | Reached XP level 4. HP: 18/22 MP: 9/9
  3339 | D:2      | Reached skill level 1 in Poison Magic
  3352 | D:2      | Slain by a gnoll

Vault maps used:
D:1:      lemuel_arrival_lava_pool
D:2:      lemuel_round_altar, first_ration, kennysheep_generic_room_5

Skill      XL: |  1  2  3  4 |
---------------+-------------+-----
Fighting       | 1 |  1.0
Transmutations | 3 4 |  4.1
Spellcasting   | 3 |  3.0
Dodging        | 4 |  4.2
Poison Magic   | 1 |  1.0
Unarmed Combat | |  2.9

Action                   |  1- 3 |  4- 6 || total
-------------------------+-------+-------++-------
Melee: Unarmed           |   152 |    19 ||   171
       Kick              |     6 |       ||     6
       Punch             |     2 |       ||     2
       Headbutt          |     5 |       ||     5
 Cast: Beastly Appendage |    11 |       ||    11
       Sticks to Snakes  |    12 |       ||    12
       Spider Form       |       |     2 ||     2
 Stab: Sleeping          |     4 |       ||     4
Armor: Robe              |    12 |       ||    12
Dodge: Dodged            |   147 |    15 ||   162

Table legend:
 A = Spawn XP
 B = Non-spawn XP
 C = Spawn XP percentage of total XP
 D = Spawn monster count
 E = Non-spawn monster count
 F = Spawn count percentage of total count
 G = Total turns spent on level
                    A         B        C        D         E        F      G
               +---------+---------+-------+---------+---------+-------+---------
         Total |       0 |     131 |   0.0 |       0 |      52 |   0.0 |  3352
               +---------+---------+-------+---------+---------+-------+---------
           D:1 |       0 |      44 |   0.0 |       0 |      29 |   0.0 |  1409
           D:2 |       0 |      87 |   0.0 |       0 |      23 |   0.0 |  1943
               +---------+---------+-------+---------+---------+-------+---------
